 Dungeon Crawl Stone Soup version 0.23.2-1-ga50397a6bc (webtiles) character file.

Game seed: 6728525501268463040

415 Menchi the Skirmisher (level 6, 0/62 HPs)
             Began as a Naga Wanderer on May 17, 2019.
             Slain by a slave (7 damage)
             ... led by Pikel
             ... on level 4 of the Dungeon.
             The game lasted 00:06:04 (3021 turns).

Menchi the Skirmisher (Naga Wanderer)               Turns: 3021, Time: 00:06:04

Health: 0/62       AC:  8    Str: 17    XL:     6   Next: 92%
Magic:  6/6        EV:  9    Int: 11    God:
Gold:   128        SH:  0    Dex: 11    Spells: 5/5 levels left

rFire    . . .     SeeInvis +   a - +0 mace
rCold    . . .     Gourm    .   (no shield)
rNeg     . . .     Faith    .   c - +2 scale mail
rPois    +         Spirit   .   (no helmet)
rElec    .         Reflect  .   (no cloak)
rCorr    .         Harm     .   k - +0 pair of gloves (curse)
MR       .....                  (no barding)
Stlth    ..........             (no amulet)
HPRegen  0.20/turn              (no ring)
MPRegen  0.10/turn              (no ring)

@: short of breath, very slow
A: large, see invisible, deformed body, poison resistance, slowness 2, slow
metabolism 1, spit poison 1, AC +2
a: Spit Poison


You were on level 4 of the Dungeon.
You were hungry.

You visited 1 branch of the dungeon, and saw 4 of its levels.

You collected 128 gold pieces.

Inventory:

Hand Weapons
 a - a +0 mace (weapon)
Armour
 c - a +2 scale mail (worn)
 k - a cursed +0 pair of gloves (worn)
Scrolls
 e - a scroll of identify {unknown}
 f - 2 scrolls of remove curse {unknown}
 j - a scroll of teleportation {unknown}
 l - a scroll of amnesia {unknown}
 n - 2 scrolls of fear {unknown}
Potions
 b - a potion of mutation {unknown}
 g - a potion of haste {unknown}
 h - a potion of brilliance {unknown}
 i - 3 potions of agility {unknown}
 m - a potion of heal wounds {unknown}
 o - a potion of flight {unknown}
 p - a potion of resistance {unknown}
Comestibles
 d - 7 rations


   Skills:
 + Level 6.3 Fighting
 - Level 1.0 Maces & Flails
 - Level 2.4 Armour
 + Level 3.8 Dodging
 - Level 1.5 Stealth
   Level 1.0 Shields


You had 5 spell levels left.
You didn't know any spells.
Your spell library was empty.

Dungeon Overview and Level Annotations

Branches:
Dungeon (4/15)
 Temple: D:4-7

Altars:

Annotations:
D:4 Pikel


Innate Abilities, Weirdness & Mutations

You cannot wear boots.
Your serpentine skin is tough. (AC +2)
You have supernaturally acute eyesight. (SInv)
Armour fits poorly on your strangely shaped body.
Your system is resistant to poisons. (rPois)
You cover ground very slowly.
You have a slow metabolism.
You can spit poison.


Message History

Pikel is lightly wounded.
Pikel looks more healthy.
Pikel barely misses you. The slave hits you but does no damage.
The slave barely misses you. The slave hits you!
* * * LOW HITPOINT WARNING * * *
You hit Pikel but do no damage.
Pikel is lightly wounded.
The slave closely misses you.
Pikel hits you with a +1 whip of freezing.
* * * LOW HITPOINT WARNING * * *
Pikel freezes you.
* * * LOW HITPOINT WARNING * * *
The slave hits you.
* * * LOW HITPOINT WARNING * * *
The slave completely misses you.
Unknown command.
You hit Pikel.
Pikel is moderately wounded.
The slave hits you!
You die...

#≈ ### #≈ ..#....
..... #+#≈.
.......###....
≈.≈≈.####)##..........
.............[.......
......pp..##........
..$..pK@..###......#
......#p..#.......#
..#.# #..........<# #
###.......>#.##
#.....###.##.#
#...........##
##....###....# #.#..#
#....# ###### #....##


You could see Pikel and 4 slaves.

Vanquished Creatures
  Grinder (D:3)
  A hound (D:3)
  2 orc wizards (D:3)
  Natasha (D:3)
  An iguana (D:3)
  2 adders
  2 oozes (D:1)
  A worm (D:3)
  4 dart slugs
  3 orcs (D:3)
  3 giant cockroaches
  8 goblins
  7 hobgoblins
  5 jackals (D:2)
  2 quokkas
  7 bats
  2 frilled lizards
  8 kobolds
  8 rats
68 creatures vanquished.

Notes
Turn   | Place    | Note
-------+----------+-------------------------------------------
     0 | D:1      | Menchi the Naga Wanderer began the quest for the Orb.
     0 | D:1      | Menchi set off with the following items: a +0 mace, a
                  | potion of curing, a +2 scale mail, a ration
     0 | D:1      | Reached XP level 1. HP: 22/22 MP: 1/1
    85 | D:1      | Reached XP level 2. HP: 21/30 MP: 2/2
   100 | D:1      | Reached skill level 1 in Dodging
   497 | D:1      | Reached XP level 3. HP: 35/37 MP: 3/3
  1530 | D:2      | Reached XP level 4. HP: 32/45 MP: 4/4
  1985 | D:3      | Reached skill level 5 in Fighting
  2003 | D:3      | Reached XP level 5. HP: 45/52 MP: 5/5
  2206 | D:3      | Noticed Grinder
  2234 | D:3      | Paralysed by Grinder for 3 turns
  2253 | D:3      | Paralysed by Grinder for 4 turns
  2260 | D:3      | Paralysed by Grinder for 6 turns
  2276 | D:3      | Killed Grinder
  2276 | D:3      | Reached skill level 6 in Fighting
  2276 | D:3      | Reached XP level 6. HP: 10/62 MP: 6/6
  2621 | D:3      | Noticed Natasha
  2628 | D:3      | Killed Natasha
  3010 | D:4      | Noticed a slave
  3011 | D:4      | Noticed Pikel
  3011 | D:4      | Noticed a slave
  3011 | D:4      | Noticed a slave
  3011 | D:4      | Noticed a slave
  3021 | D:4      | Slain by a slave

Skill      XL: |  1  2  3  4  5 |
---------------+----------------+-----
Dodging        | 1 2 3 |  3.8
Fighting       | 5 6 |  6.3
Maces & Flails | |  1.0
Armour         | |  2.4
Stealth        | |  1.5
Shields        | |  1.0

Action                   |  1- 3 |  4- 6 || total
-------------------------+-------+-------++-------
Melee: Mace              |   145 |   118 ||   263
 Abil: Spit Poison       |     2 |    18 ||    20
  Use: Potion            |       |     1 ||     1
  Eat: Chunk             |     2 |     4 ||     6
Armor: Scale mail        |   139 |    95 ||   234
Dodge: Dodged            |    98 |    85 ||   183
